[Event "Titled Tuesday Blitz February 21 Late 2023"]
[White "Pinheiro, Iung Alicio de O."]
[Black "Haszon, David"]
[WhiteFideId "2104350"]
[BlackFideId "733610"]
[WhiteElo "2306"]
[BlackElo "2264"]
[Result "0-1"]
[Round "05"]
[TimeControl "180+2"]
[Date "2023.02.21"]
[WhiteClock "0:00:01"]
[BlackClock "0:00:11"]

1. e4 c5 2. Nf3 Nc6 3. Bb5 g6 4. O-O Bg7 5. Re1 e5 6. a3 a6 7. Bc4 b5 8. Bd5 Nge7 9. b4 cxb4 10. axb4 O-O 11. Nc3 Rb8 12. Rb1 Nxd5 13. Nxd5 Ne7 14. Nxe7+ Qxe7 15. d4 d6 16. h3 Bb7 17. Bg5 Qc7 18. Qd3 Rbc8 19. Re2 h6 20. Bd2 Qxc2 21. Qxc2 Rxc2 22. d5 Rfc8 23. Kf1 f5 24. exf5 gxf5 25. Nh4 Bxd5 26. Nxf5 Bc4 27. Ne7+ Kf7 28. Nxc8 Rxd2 29. Re1 Ke6 30. f3 Bf6 31. Nb6 Bd3 32. Kf2 Bh4+ 33. g3 Bxe2 34. gxh4 Bc4+ 35. Kg3 Rb2 36. Ra1 Ra2 37. Rc1 d5 38. Re1 a5 39. bxa5 Rxa5 40. f4 e4 41. Kg4 Ra3 42. f5+ Ke5 43. Nd7+ Kd6 44. Nf6 e3 45. Kf4 d4 46. Ng4 Ra2 47. f6 Ke6 48. Ke4 Rd2 49. Ra1 Bd5+ 50. Kf4 e2 0-1


[Site "https://www.chess.com"]

[Event "Titled Tuesday Blitz February 21 Late 2023"]
[White "Koziol, Kamil"]
[Black "Petukhov, Dmitry"]
[WhiteFideId "1161555"]
[BlackFideId "4142748"]
[WhiteElo "2286"]
[BlackElo "2350"]
[Result "0-1"]
[Round "05"]
[TimeControl "180+2"]
[Date "2023.02.21"]
[WhiteClock "0:00:01"]
[BlackClock "0:00:17"]

1. e4 c5 2. Nf3 d6 3. d4 cxd4 4. Nxd4 Nf6 5. Nc3 Nc6 6. Bg5 Bd7 7. Qd2 Rc8 8. f4 Nxd4 9. Qxd4 Qa5 10. O-O-O Rxc3 11. bxc3 e5 12. Qc4 d5 13. exd5 Ba3+ 14. Kd2 O-O 15. Bxf6 Rc8 16. Qxc8+ Bxc8 17. Bxe5 Qxd5+ 18. Ke3 Bc5+ 19. Bd4 Bg4 20. Rd2 g5 21. Bd3 gxf4+ 22. Kxf4 Bd6+ 23. Kxg4 h5+ 24. Kh4 Be7+ 25. Kg3 Qg5+ 26. Kf3 Qxd2 27. Be3 Qxc3 28. Rf1 Bc5 29. Bxc5 Qxc5 30. Ke2 Qe5+ 31. Kd2 Qxh2 32. Be4 Qe5 33. Bf3 h4 34. Rh1 b5 35. Kc1 b4 36. Kb1 a5 37. Rd1 a4 38. Rd5 Qc3 39. Rd3 Qf6 40. a3 b3 41. cxb3 Qf5 42. Kc2 axb3+ 43. Kd2 b2 44. Rd8+ Kg7 0-1


[Site "https://www.chess.com"]

[Event "Titled Tuesday Blitz February 21 Late 2023"]
[White "Cheng, Xiao"]
[Black "Deng, Henry"]
[WhiteFideId "2022915"]
[BlackFideId "30965454"]
[WhiteElo "2288"]
[BlackElo "2168"]
[Result "0-1"]
[Round "05"]
[TimeControl "180+2"]
[Date "2023.02.21"]
[WhiteClock "0:00:15"]
[BlackClock "0:00:19"]

1. Nf3 Nf6 2. b4 g6 3. Bb2 Bg7 4. c4 O-O 5. g3 b6 6. Bg2 Bb7 7. O-O a5 8. b5 d5 9. cxd5 Bxd5 10. Nc3 Bb7 11. Qc2 Nbd7 12. Rac1 Rc8 13. d4 Re8 14. e4 e5 15. dxe5 Nxe5 16. Nxe5 Rxe5 17. Nd5 Re6 18. Rfd1 Nxd5 19. Bxg7 Kxg7 20. exd5 Rd6 21. Qc3+ Kg8 22. Bh3 Rxd5 23. Re1 Rc5 24. Qe3 Qd5 25. f3 Rxc1 26. Rxc1 Rd8 27. Rxc7 Qd1+ 28. Bf1 Bxf3 29. Qf4 Qd5 30. h4 Be4 31. h5 Bf5 32. h6 Qe6 33. Rc6 Qxa2 34. g4 Be6 35. Rxb6 Qb2 36. Rxe6 fxe6 37. Qc7 Rf8 38. Qc4 Qf2+ 39. Kh1 Qxf1+ 40. Qxf1 Rxf1+ 41. Kg2 Rb1 42. Kh3 Rxb5 43. Kh4 a4 44. Kg3 a3 45. Kf4 a2 46. Ke4 a1=Q 47. Kf4 Qe5+ 48. Kf3 Rb3+ 49. Kg2 Qg3+ 50. Kh1 Rb1# 0-1


[Site "https://www.chess.com"]

[Event "Titled Tuesday Blitz February 21 Late 2023"]
[White "Sonnenschein, Philipp"]
[Black "Rego, Pedro Filipe"]
[WhiteFideId "16250877"]
[BlackFideId "1904310"]
[WhiteElo "2224"]
[BlackElo "2312"]
[Result "0-1"]
[Round "05"]
[TimeControl "180+2"]
[Date "2023.02.21"]
[WhiteClock "0:00:17"]
[BlackClock "0:01:05"]

1. Nf3 d5 2. e3 Nf6 3. c4 c5 4. cxd5 Nxd5 5. Nc3 Nc6 6. Bb5 Nxc3 7. bxc3 Bd7 8. O-O e6 9. d4 Be7 10. e4 O-O 11. d5 exd5 12. exd5 Na5 13. Bxd7 Qxd7 14. Ne5 Qf5 15. Re1 Bd6 16. Qf3 Qxf3 17. Nxf3 Rfe8 18. Bg5 Nc4 19. Kf1 h6 20. Bh4 b6 21. Rxe8+ Rxe8 22. Re1 Kf8 23. Rxe8+ Kxe8 24. Ke2 Kd7 25. Kd3 b5 26. Bg3 a6 27. a4 Nb2+ 28. Kc2 Nxa4 29. Nh4 g6 30. f4 Nb6 31. Nf3 Nxd5 32. Ne5+ Bxe5 33. fxe5 Ke6 34. Kd3 a5 35. c4 bxc4+ 36. Kxc4 Ne3+ 37. Kxc5 Nxg2 38. Kb5 h5 39. h4 Ne3 40. Kxa5 Nc4+ 41. Kb4 Nxe5 42. Kc5 Kf5 43. Kd4 f6 44. Ke3 Kg4 45. Be1 Nf3 46. Bf2 Nxh4 0-1


[Site "https://www.chess.com"]

[Event "Titled Tuesday Blitz February 21 Late 2023"]
[White "Jarocka, Liwia"]
[Black "Ezat, Mohamed"]
[WhiteFideId "21807558"]
[BlackFideId "10600906"]
[WhiteElo "2225"]
[BlackElo "2402"]
[Result "0-1"]
[Round "05"]
[TimeControl "180+2"]
[Date "2023.02.21"]
[WhiteClock "0:00:10"]
[BlackClock "0:00:36"]

1. e4 c6 2. d4 d5 3. Nd2 dxe4 4. Nxe4 Nf6 5. Nxf6+ exf6 6. c3 Bd6 7. Bd3 O-O 8. Ne2 Qc7 9. Qc2 h6 10. Be3 c5 11. O-O-O Re8 12. Kb1 a6 13. h3 b5 14. Be4 Ra7 15. Ka1 Nd7 16. Bf3 Nb6 17. Rhe1 Nc4 18. Bc1 Qb6 19. b3 Na5 20. dxc5 Bxc5 21. b4 Bxf2 22. bxa5 Qxa5 23. Rf1 Bc5 24. Nd4 Rc7 25. Nb3 Qb6 26. Nxc5 Qxc5 27. Bb2 Be6 28. Rfe1 Qc4 29. Qb1 Rec8 30. Rd4 Qc5 31. Red1 g6 32. h4 h5 33. Be4 Kg7 34. Bd5 Bf5 35. Be4 Bg4 36. Rf1 Re7 37. Bf3 Bf5 38. Qd1 Rce8 39. Rd5 Qc4 40. Rg1 Qxh4 41. Bxh5 Re1 42. Bxg6 Rxg1 43. Bxf5 Ree1 44. Bc2 Rxd1+ 45. Rxd1 Rxd1+ 46. Bxd1 Qe1 0-1


[Site "https://www.chess.com"]

[Event "Titled Tuesday Blitz February 21 Late 2023"]
[White "Miszler, Levente"]
[Black "Womacka, Mathias"]
[WhiteFideId "763276"]
[BlackFideId "4611390"]
[WhiteElo "2271"]
[BlackElo "2396"]
[Result "0-1"]
[Round "05"]
[TimeControl "180+2"]
[Date "2023.02.21"]
[WhiteClock "0:00:09"]
[BlackClock "0:00:11"]

1. Nf3 c5 2. c4 Nf6 3. g3 b6 4. Bg2 Bb7 5. O-O e6 6. d4 cxd4 7. Qxd4 Be7 8. Nc3 d6 9. e4 Nbd7 10. b3 O-O 11. Bb2 a6 12. Rfe1 Qc7 13. Rad1 Rad8 14. Qe3 Rfe8 15. h3 Bf8 16. Rd2 g6 17. Red1 Qb8 18. Ne1 Ba8 19. Ne2 b5 20. cxb5 axb5 21. Nd4 d5 22. Qe2 Nxe4 23. Bxe4 dxe4 24. Qxb5 Nc5 25. Qxb8 Rxb8 26. Rc2 e5 27. Ne2 Nd3 28. Nc3 Nxb2 29. Rxb2 Rbc8 30. Nd5 Red8 31. Rbd2 Kg7 32. Ne3 Rxd2 33. Rxd2 Bc5 34. N1c2 Bc6 35. b4 Be7 36. Kf1 f5 37. Ke1 f4 38. gxf4 exf4 39. Nc4 Bb5 40. Nd6 Bxd6 41. Rxd6 Rxc2 42. Rb6 Bc4 43. a4 Ra2 44. a5 e3 45. fxe3 fxe3 46. Rb7+ Kf6 47. Rc7 Ra1# 0-1


[Site "https://www.chess.com"]

[Event "Titled Tuesday Blitz February 21 Late 2023"]
[White "Prieto Aranguren, Alain"]
[Black "Arencibia Monduy, Antonio"]
[WhiteFideId "2268906"]
[BlackFideId "3507939"]
[WhiteElo "2258"]
[BlackElo "2122"]
[Result "1-0"]
[Round "05"]
[TimeControl "180+2"]
[Date "2023.02.21"]
[WhiteClock "0:01:16"]
[BlackClock "0:00:37"]

1. d4 Nf6 2. Bg5 d5 3. e3 e6 4. Bd3 Be7 5. Nd2 Nbd7 6. f4 b6 7. Ngf3 Bb7 8. Ne5 Nxe5 9. fxe5 Ne4 10. Bxe7 Qxe7 11. Nxe4 dxe4 12. Bb5+ c6 13. Be2 Qb4+ 14. Qd2 Qxb2 15. O-O O-O 16. a4 c5 17. Rfb1 Qxa1 18. Rxa1 cxd4 19. Qxd4 Rad8 20. Qc4 Rc8 21. Qb3 Bd5 22. c4 Bb7 23. a5 Rc6 24. h4 Rfc8 25. Ra4 Ba6 26. axb6 Rxb6 27. Qxb6 axb6 28. Rxa6 Rb8 29. Kf2 g6 30. Kg3 Kg7 31. Kf4 f5 32. exf6+ Kxf6 33. Kxe4 h5 34. g4 hxg4 35. Bxg4 Ke7 36. Ke5 Rc8 37. Ra7+ Kf8 38. Bxe6 Rb8 39. Kf6 1-0


[Site "https://www.chess.com"]

[Event "Titled Tuesday Blitz February 21 Late 2023"]
[White "Magallanes, Rey Jomar"]
[Black "reevecanada"]
[WhiteFideId "5205948"]
[WhiteElo "2052"]
[BlackElo "2441"]
[Result "0-1"]
[Round "05"]
[TimeControl "180+2"]
[Date "2023.02.21"]
[WhiteClock "0:02:09"]
[BlackClock "0:02:11"]

1. e4 c5 2. Nf3 d6 3. d4 cxd4 4. Nxd4 Nf6 5. Nc3 a6 6. Be2 e5 7. Nb3 Be6 8. O-O Be7 9. Qd3 O-O 10. Bd2 d5 11. exd5 Nxd5 12. Nxd5 Qxd5 13. Qxd5 Bxd5 14. c4 Be6 15. Na5 Nc6 16. Nxc6 bxc6 17. b3 Rfd8 18. Bc3 f6 19. Bf3 Rac8 20. Rad1 Kf7 21. Ba5 Rxd1 22. Rxd1 f5 23. Bc3 e4 24. Be2 Bc5 25. b4 Be7 26. a3 c5 27. b5 axb5 28. cxb5 Ra8 29. Bb2 c4 30. Rc1 Bxa3 31. Bxa3 Rxa3 32. f3 e3 33. b6 Rb3 34. g3 Rxb6 35. Bxc4 Bxc4 36. Rxc4 Rb1+ 37. Kg2 e2 38. Rc7+ Ke8 39. Rc8+ Kd7 40. Rg8 e1=Q 41. Rxg7+ Ke6 42. Rxh7 Qf1# 0-1


[Site "https://www.chess.com"]

[Event "Titled Tuesday Blitz February 21 Late 2023"]
[White "Prydun, Andriy"]
[Black "Wang, Alexander J"]
[WhiteFideId "14145898"]
[BlackFideId "30955270"]
[WhiteElo "2134"]
[BlackElo "1815"]
[Result "1-0"]
[Round "05"]
[TimeControl "180+2"]
[Date "2023.02.21"]
[WhiteClock "0:01:00"]
[BlackClock "0:01:03"]

1. e4 c5 2. Nf3 d6 3. c3 Nf6 4. h3 Nc6 5. Bd3 g6 6. Bc2 Bg7 7. O-O O-O 8. d4 b6 9. Re1 Bb7 10. a3 a5 11. Bg5 h6 12. Bf4 b5 13. Nbd2 b4 14. Nb3 a4 15. Nbd2 b3 16. Bd3 Ba6 17. Bxa6 Rxa6 18. Qe2 Ra8 19. Rad1 Qb6 20. e5 dxe5 21. dxe5 Nh7 22. e6 f5 23. Nc4 Qa6 24. h4 Na5 25. Nce5 Qxe2 26. Rxe2 Rfd8 27. Rd7 Nf6 28. Rxe7 Nd5 29. Nxg6 Nxe7 30. Nxe7+ Kh7 31. h5 Nc4 32. Nxf5 Bxc3 33. e7 Re8 34. Re6 Bxb2 35. Rxh6+ Kg8 36. Rg6+ Kh8 37. Ng5 Rxe7 38. Nxe7 Bg7 39. h6 b2 40. hxg7# 1-0


[Site "https://www.chess.com"]

[Event "Titled Tuesday Blitz February 21 Late 2023"]
[White "Eckert, Doug"]
[Black "mohsengabr2002"]
[WhiteFideId "2001993"]
[WhiteElo "2075"]
[BlackElo "2349"]
[Result "0-1"]
[Round "05"]
[TimeControl "180+2"]
[Date "2023.02.21"]
[WhiteClock "0:00:15"]
[BlackClock "0:00:21"]

1. d4 g6 2. c4 f6 3. e4 e6 4. Nc3 Nh6 5. h4 Nf7 6. h5 g5 7. f4 h6 8. Bd3 Bg7 9. Nf3 O-O 10. e5 g4 11. Nh4 f5 12. Be3 d6 13. Qe2 dxe5 14. dxe5 Nc6 15. O-O-O Bd7 16. c5 Re8 17. Bc4 Qc8 18. a3 b6 19. Ba2 a5 20. Qc4 Bf8 21. Nxf5 bxc5 22. Nh4 Nd4 23. Bxd4 cxd4 24. Qxd4 Bc6 25. Qd3 Qa6 26. Qxa6 Rxa6 27. Rhe1 Be7 28. Ng6 Bc5 29. g3 Bf2 30. Rf1 Bxg3 31. Rg1 Bf2 32. Rxg4 Bf3 33. Rdg1 Bxg1 34. Rxg1 Bxh5 35. f5 Bxg6 36. Rxg6+ Kh7 37. Bxe6 Nxe5 38. Rf6 Kg7 39. Ne4 Re7 40. Kd2 Rb6 41. Kc3 a4 42. Kd4 Rb5 43. Nc5 Rxc5 44. Kxc5 Kxf6 0-1


[Site "https://www.chess.com"]

[Event "Titled Tuesday Blitz February 21 Late 2023"]
[White "Aradhya, Garg"]
[Black "Vaglio Munoz, Jaime"]
[WhiteFideId "25006746"]
[BlackFideId "6500145"]
[WhiteElo "2284"]
[BlackElo "2174"]
[Result "1-0"]
[Round "05"]
[TimeControl "180+2"]
[Date "2023.02.21"]
[WhiteClock "0:00:55"]
[BlackClock "0:00:03"]

1. d4 c6 2. e4 d5 3. exd5 cxd5 4. Bd3 g6 5. c3 Bg7 6. Bf4 Nf6 7. Nd2 O-O 8. Ngf3 Bg4 9. O-O Nc6 10. h3 Bxf3 11. Qxf3 Qb6 12. b4 Rac8 13. Rfe1 e6 14. a4 a5 15. b5 Ne7 16. Rac1 Nf5 17. Nb3 Nd6 18. Nc5 Rxc5 19. dxc5 Qxc5 20. Be5 Nfe4 21. Bxg7 Kxg7 22. Bxe4 Nxe4 23. c4 Qb4 24. cxd5 exd5 25. Qf4 Qb2 26. Rc7 Qb4 27. Rd1 Nf6 28. Qxb4 axb4 29. Rxb7 Ra8 30. b6 Rxa4 31. Ra7 Ra3 32. Rxa3 bxa3 33. b7 Nd7 34. Rxd5 Nb8 35. Ra5 Nc6 36. Rxa3 Nb8 37. Ra8 Nc6 38. Rc8 Ne7 39. Rc5 h5 40. b8=Q Nf5 41. Qe5+ f6 42. Rc7+ Kh6 43. Qf4+ g5 44. Qxf5 h4 45. Rh7# 1-0


[Site "https://www.chess.com"]

[Event "Titled Tuesday Blitz February 21 Late 2023"]
[White "Guzman Moneo, Alberto"]
[Black "Adewumi, Tanitoluwa"]
[WhiteFideId "2209616"]
[BlackFideId "30966396"]
[WhiteElo "2170"]
[BlackElo "2283"]
[Result "1-0"]
[Round "05"]
[TimeControl "180+2"]
[Date "2023.02.21"]
[WhiteClock "0:00:18"]
[BlackClock "0:00:02"]

1. e4 c5 2. Nc3 Nc6 3. Bb5 Nd4 4. Nf3 e6 5. O-O a6 6. Bd3 b5 7. Nxd4 cxd4 8. Ne2 Bc5 9. b4 Bxb4 10. Nxd4 Bb7 11. Bb2 Ne7 12. a4 bxa4 13. Qg4 Ng6 14. Rxa4 Bd6 15. g3 O-O 16. Nf3 Qc7 17. Rc4 Qb8 18. h4 Bc6 19. Bc3 Ne5 20. Nxe5 Bxe5 21. h5 Bxc3 22. Rxc3 Qe5 23. h6 g6 24. f4 Qd4+ 25. Rf2 Rab8 26. f5 Rb1+ 27. Kg2 exf5 28. Rc4 Bxe4+ 29. Bxe4 Qxc4 30. Bxf5 Qd5+ 31. Be4 Qd4 32. c3 Qe5 33. d4 Qb5 34. Qf4 Re1 35. Qf6 1-0


[Site "https://www.chess.com"]

[Event "Titled Tuesday Blitz February 21 Late 2023"]
[White "Hirneise, Jens"]
[Black "Paspuel, Trosky"]
[WhiteFideId "24614734"]
[BlackFideId "3602150"]
[WhiteElo "2277"]
[BlackElo "1721"]
[Result "0-1"]
[Round "05"]
[TimeControl "180+2"]
[Date "2023.02.21"]
[WhiteClock "0:00:02"]
[BlackClock "0:00:10"]

1. Nf3 Nf6 2. c3 e6 3. d4 c5 4. e3 d5 5. Bd3 Nc6 6. O-O Bd6 7. Nbd2 O-O 8. e4 dxe4 9. Nxe4 Nxe4 10. Bxe4 cxd4 11. Bxh7+ Kxh7 12. Ng5+ Kg6 13. Qg4 f5 14. Qe2 f4 15. Nxe6 Bxe6 16. Qxe6+ Qf6 17. Qg4+ Qg5 18. Qf3 Rae8 19. Rd1 Ne5 20. Qd5 Rd8 21. Qxb7 d3 22. Bd2 Bc5 23. Re1 Kh7 24. Qe4+ Rf5 25. h4 Qg4 26. b4 Bb6 27. a4 a5 28. bxa5 Ba7 29. Rab1 Rd7 30. Rb5 Re7 31. Kf1 g6 32. Rb7 Rxb7 33. Qxb7+ Rf7 34. Qe4 Bb8 35. Kg1 Qxh4 36. c4 Qg5 37. Kf1 Qh4 38. Kg1 Ng4 39. g3 fxg3 0-1


[Site "https://www.chess.com"]

[Event "Titled Tuesday Blitz February 21 Late 2023"]
[White "Roman, Rodrigo"]
[Black "Mazurkiewicz, Michal"]
[WhiteFideId "3701220"]
[BlackFideId "1124943"]
[WhiteElo "2058"]
[BlackElo "2145"]
[Result "0-1"]
[Round "05"]
[TimeControl "180+2"]
[Date "2023.02.21"]
[WhiteClock "0:00:50"]
[BlackClock "0:00:55"]

1. e4 d6 2. Nf3 Nf6 3. Nc3 c6 4. d4 Bg4 5. h3 Bh5 6. Be2 e6 7. Be3 d5 8. e5 Nfd7 9. g4 Bg6 10. Bd3 c5 11. Bxg6 hxg6 12. dxc5 Nc6 13. Nd4 Bxc5 14. Nxc6 bxc6 15. Bxc5 Nxc5 16. Qd4 Qb6 17. O-O-O Rb8 18. b3 a5 19. f4 O-O 20. h4 a4 21. Nxa4 Nxa4 22. Qxa4 Ra8 23. Qd4 c5 24. Qb2 c4 25. Rh3 Qf2 26. Qd4 Qg2 27. Rc3 Rxa2 28. Kb1 Rfa8 29. Re3 Qxc2# 0-1


[Site "https://www.chess.com"]

[Event "Titled Tuesday Blitz February 21 Late 2023"]
[White "Jenkins, Drake"]
[Black "Hajiyev, Kanan"]
[WhiteFideId "2022397"]
[BlackFideId "13404148"]
[WhiteElo "2130"]
[BlackElo "2197"]
[Result "0-1"]
[Round "05"]
[TimeControl "180+2"]
[Date "2023.02.21"]
[WhiteClock "0:00:02"]
[BlackClock "0:00:24"]

1. Nf3 Nf6 2. c4 c5 3. d4 cxd4 4. Nxd4 g6 5. Nc3 Bg7 6. g3 O-O 7. Bg2 Nc6 8. Nc2 Na5 9. b3 d5 10. cxd5 Ng4 11. Bd2 Qc7 12. Na4 Bxa1 13. Nxa1 b5 14. d6 exd6 15. Bxa8 bxa4 16. O-O axb3 17. Nxb3 Nxb3 18. Qxb3 Be6 19. Bd5 Rb8 20. Qd3 Ne5 21. Qe4 Bf5 22. Qd4 Qc5 23. Qxc5 dxc5 24. Bf4 Rd8 25. Bg2 f6 26. Rc1 c4 27. Bxe5 fxe5 28. f4 exf4 29. gxf4 Be6 30. Rc2 Rd1+ 31. Kf2 Ra1 32. e3 Kf7 33. Bf3 a5 34. e4 a4 35. f5 gxf5 36. exf5 Bxf5 37. Rxc4 Rxa2+ 38. Kg3 Be6 39. Rc6 Ra3 40. Rc7+ Kg6 41. Kf4 h6 42. Be4+ Kf6 43. Rc6 Ke7 44. Rc7+ Kd6 45. Rc6+ Kd7 46. Ra6 Ra1 47. Ra7+ Kd6 48. Ra6+ Ke7 49. Ra7+ Kf6 50. Ra6 Rf1+ 51. Ke3 Re1+ 52. Kd4 Rd1+ 53. Ke3 Ke5 54. Ra5+ Bd5 55. Rxa4 Re1+ 56. Kf2 Rxe4 57. Ra6 Rh4 58. Kg3 Rh5 59. h4 Kf5 60. Ra5 Kg6 0-1


[Site "https://www.chess.com"]

[Event "Titled Tuesday Blitz February 21 Late 2023"]
[White "ArturoCaceres"]
[Black "Stachanczyk, Jacek"]
[BlackFideId "1116657"]
[WhiteElo "2405"]
[BlackElo "2147"]
[Result "0-1"]
[Round "05"]
[TimeControl "180+2"]
[Date "2023.02.21"]
[WhiteClock "0:00:01"]
[BlackClock "0:00:43"]

1. Nf3 Nf6 2. b3 d5 3. Bb2 c5 4. e3 Nc6 5. Bb5 Qc7 6. O-O b6 7. d4 Bb7 8. dxc5 bxc5 9. c4 dxc4 10. Bxc4 e6 11. Nc3 Be7 12. Nb5 Qb8 13. Bxf6 Bxf6 14. Nd6+ Ke7 15. Nxf7 Bxa1 16. Qxa1 Rg8 17. N7g5 Nd8 18. Rd1 h6 19. Ne5 hxg5 20. Rd7+ Ke8 21. Bb5 Bc6 22. Nxc6 Qxb5 23. Re7+ Kf8 24. Qb1 Qxc6 0-1


[Site "https://www.chess.com"]

[Event "Titled Tuesday Blitz February 21 Late 2023"]
[White "Liu, Casper"]
[Black "Jimenez Garcia, Emmanuel"]
[WhiteFideId "1454153"]
[BlackFideId "6504779"]
[WhiteElo "2278"]
[BlackElo "2410"]
[Result "0-1"]
[Round "05"]
[TimeControl "180+2"]
[Date "2023.02.21"]
[WhiteClock "0:00:37"]
[BlackClock "0:01:02"]

1. d4 b6 2. c4 Bb7 3. Nf3 Nf6 4. Nc3 e6 5. g3 Bb4 6. Bg2 Bxc3+ 7. bxc3 O-O 8. O-O d6 9. Bg5 Nbd7 10. Nd2 Bxg2 11. Kxg2 h6 12. Bxf6 Nxf6 13. e4 e5 14. Re1 Qe8 15. Qc2 Qc6 16. f4 Rfe8 17. fxe5 dxe5 18. d5 Qd6 19. h3 c6 20. Qb3 Rec8 21. Qb4 Ne8 22. Nf3 f6 23. Nh4 cxd5 24. cxd5 Qxb4 25. cxb4 Rc2+ 26. Kg1 Nd6 27. a3 Rac8 28. Nf5 Nxf5 29. exf5 Kf7 30. d6 Ke8 31. Red1 Kd7 32. b5 R8c3 33. g4 Rg3+ 34. Kf1 Rxh3 35. Kg1 Rg3+ 36. Kh1 Rxg4 37. a4 Rd4 38. Rxd4 exd4 39. a5 d3 40. axb6 axb6 41. Ra7+ Kxd6 0-1


[Site "https://www.chess.com"]

[Event "Titled Tuesday Blitz February 21 Late 2023"]
[White "Chernomordik, Pavel"]
[Black "Buscar, Michael"]
[WhiteFideId "2804530"]
[BlackFideId "2603616"]
[WhiteElo "2150"]
[BlackElo "2041"]
[Result "1-0"]
[Round "05"]
[TimeControl "180+2"]
[Date "2023.02.21"]
[WhiteClock "0:00:18"]
[BlackClock "0:00:04"]

1. e4 c5 2. Nc3 g6 3. f4 Bg7 4. Nf3 Nc6 5. Bb5 Nd4 6. Bc4 d6 7. O-O Nf6 8. h3 O-O 9. d3 Ne8 10. Nxd4 cxd4 11. Ne2 Nc7 12. f5 d5 13. Bb3 e6 14. Ng3 Qh4 15. Qf3 Be5 16. Bf4 Bxf4 17. Qxf4 Qxf4 18. Rxf4 dxe4 19. fxg6 hxg6 20. Nxe4 Kg7 21. Nd6 Ne8 22. Nxe8+ Rxe8 23. Rxd4 b6 24. Rf1 Re7 25. Rd8 Bb7 26. Rxa8 Bxa8 27. d4 Be4 28. c3 a5 29. Re1 Bc6 30. Re5 Rd7 31. g4 Kf6 32. h4 Rd8 33. Kf2 Rh8 34. Kg3 Bd7 35. g5+ Kg7 36. d5 exd5 37. Bxd5 Re8 38. Kf4 Kf8 39. Rxe8+ Kxe8 40. Ke5 Ke7 41. c4 Ba4 42. b3 Bd7 43. a3 Bg4 44. b4 axb4 45. axb4 Be2 46. c5 bxc5 47. bxc5 Bg4 48. Bb7 Be6 49. c6 Kd8 50. Kd6 Bf5 51. c7+ 1-0


[Site "https://www.chess.com"]

[Event "Titled Tuesday Blitz February 21 Late 2023"]
[White "Ward, Ieuan C"]
[Black "Jovic, Stanoje"]
[WhiteFideId "406627"]
[BlackFideId "905020"]
[WhiteElo "2028"]
[BlackElo "2075"]
[Result "0-1"]
[Round "05"]
[TimeControl "180+2"]
[Date "2023.02.21"]
[WhiteClock "0:01:27"]
[BlackClock "0:01:32"]

1. d4 Nf6 2. c4 e6 3. Nf3 b6 4. g3 Ba6 5. b3 Bb4+ 6. Bd2 Be7 7. Bg2 d5 8. Qc2 O-O 9. Ne5 c6 10. Bc3 Nfd7 11. Nd2 Nxe5 12. dxe5 Nd7 13. O-O Qc7 14. f4 Rfd8 15. e3 Nc5 16. Rfe1 dxc4 17. Nxc4 Bxc4 18. bxc4 Rd7 19. Rad1 Rad8 20. Rxd7 Qxd7 21. Bd4 Nb7 22. Bf3 Bc5 23. Bxc5 Nxc5 24. Rd1 Qc7 25. Rxd8+ Qxd8 26. Bxc6 Qd3 27. Qxd3 Nxd3 28. e4 Nb4 29. a4 Nxc6 0-1


[Site "https://www.chess.com"]

[Event "Titled Tuesday Blitz February 21 Late 2023"]
[White "Kalajzic, Ivan"]
[Black "Zampronha, Wladimir Camilo"]
[WhiteFideId "14506378"]
[BlackFideId "2103087"]
[WhiteElo "2062"]
[BlackElo "2176"]
[Result "0-1"]
[Round "05"]
[TimeControl "180+2"]
[Date "2023.02.21"]
[WhiteClock "0:00:01"]
[BlackClock "0:00:17"]

1. b3 e5 2. Bb2 Nc6 3. e3 d5 4. Bb5 Bd6 5. f4 Qh4+ 6. g3 Qe7 7. Nf3 f6 8. O-O e4 9. Nd4 Bd7 10. Nxc6 bxc6 11. Be2 Nh6 12. a4 O-O 13. Ba3 c5 14. Nc3 c6 15. Qe1 Rae8 16. Nd1 Bh3 17. Rf2 Ng4 18. Bxg4 Bxg4 19. Qf1 Kh8 20. h3 Bc8 21. Rh2 d4 22. Nf2 f5 23. Qc4 Be6 24. Qa6 Qc7 25. Kh1 Rb8 26. Rg1 d3 27. cxd3 Rxb3 28. Bc1 exd3 29. Nxd3 Qb6 30. Qxb6 axb6 31. g4 Rxd3 32. gxf5 Bd5+ 33. Rhg2 Rxf5 34. Bb2 Rf7 35. Kh2 Bxg2 36. Rxg2 Rb3 37. Bc3 Rxc3 38. dxc3 Ra7 39. Rd2 Bf8 40. Rd8 Kg8 41. Rb8 Rxa4 42. Rxb6 Rc4 43. Kg3 Rxc3 44. Kf3 Rc1 45. Rxc6 c4 46. Ke2 Rh1 47. Rxc4 Rxh3 48. e4 Rh4 49. Kf3 Rh3+ 50. Kg4 Rh1 51. e5 Re1 52. Rc7 g6 53. Kg5 Ra1 54. f5 Rg1+ 55. Kf6 Rf1 56. Rc8 Rxf5+ 57. Ke6 h5 58. Kd5 Rf1 59. e6 Re1 0-1


[Site "https://www.chess.com"]

[Event "Titled Tuesday Blitz February 21 Late 2023"]
[White "Clawitter, Craig"]
[Black "Rian, Kapriaga"]
[WhiteFideId "2023105"]
[BlackFideId "7103263"]
[WhiteElo "2050"]
[BlackElo "2089"]
[Result "0-1"]
[Round "05"]
[TimeControl "180+2"]
[Date "2023.02.21"]
[WhiteClock "0:00:04"]
[BlackClock "0:00:46"]

1. e4 c6 2. Nf3 d5 3. e5 Bg4 4. d4 e6 5. c3 c5 6. dxc5 Bxf3 7. Qxf3 Bxc5 8. b4 Bb6 9. Qg3 g6 10. Bd3 Ne7 11. O-O Nd7 12. Kh1 Qc7 13. f4 O-O 14. Bb2 Rfc8 15. Na3 a6 16. Rac1 Qd8 17. c4 Ba7 18. f5 exf5 19. Bxf5 Nxf5 20. Rxf5 Qe7 21. c5 Rf8 22. Nc2 Rae8 23. Nd4 Bb8 24. Rcf1 Nxe5 0-1


[Site "https://www.chess.com"]

[Event "Titled Tuesday Blitz February 21 Late 2023"]
[White "Herbst, Richard"]
[Black "Hoffmann, Asa"]
[WhiteFideId "2041251"]
[BlackFideId "2001470"]
[WhiteElo "2120"]
[BlackElo "2185"]
[Result "1-0"]
[Round "05"]
[TimeControl "180+2"]
[Date "2023.02.21"]
[WhiteClock "0:00:37"]
[BlackClock "0:00:01"]

1. e4 d6 2. d4 Nf6 3. Nc3 c6 4. Nf3 Bg4 5. h3 Bh5 6. Be2 e6 7. O-O d5 8. e5 Nfd7 9. Bf4 c5 10. Nb5 Nc6 11. c3 cxd4 12. cxd4 a6 13. Nc3 Be7 14. Bh2 O-O 15. Rc1 Rc8 16. Qd2 Nb6 17. g4 Bg6 18. Bf4 Na5 19. b3 Ba3 20. Rcd1 Bb4 21. Rc1 Qc7 22. Nxd5 Bxd2 23. Rxc7 Bxf4 24. Ne7+ Kh8 25. Nxc8 Nd5 26. Rc5 Nc6 27. Nd6 Nd8 28. Ne1 f6 29. exf6 Bxd6 30. fxg7+ Kxg7 31. Rc8 Nc6 32. Rxf8 Kxf8 33. Nf3 Ke7 34. Rc1 Be4 35. Ng5 Nxd4 36. Bf1 Bg6 37. Rc8 h6 38. Rg8 hxg5 39. Rxg6 Bf4 40. Rg7+ Kf6 41. Rxb7 e5 42. Bxa6 e4 43. Bc4 Nc3 44. Rb6+ Ke5 45. a4 e3 46. fxe3 Bxe3+ 47. Kh1 1-0


[Site "https://www.chess.com"]

[Event "Titled Tuesday Blitz February 21 Late 2023"]
[White "Comas Fabrego, Lluis"]
[Black "Davidson, Kevin"]
[WhiteFideId "2200325"]
[BlackFideId "2056810"]
[WhiteElo "2424"]
[BlackElo "2154"]
[Result "1-0"]
[Round "05"]
[TimeControl "180+2"]
[Date "2023.02.21"]
[WhiteClock "0:00:28"]
[BlackClock "0:00:01"]

1. Nf3 Nf6 2. c4 g6 3. g3 Bg7 4. Bg2 O-O 5. O-O d6 6. d4 Nbd7 7. Nc3 e5 8. h3 c6 9. e4 Qb6 10. dxe5 dxe5 11. b3 Qb4 12. Qc2 a5 13. a4 Qe7 14. Ba3 Nc5 15. Ne1 Nfd7 16. Nd3 Re8 17. Rab1 Bf8 18. Nxc5 Nxc5 19. Nd1 Qg5 20. Bb2 Ne6 21. Bc3 Nd4 22. Bxd4 exd4 23. Nb2 c5 24. Nd3 Bd7 25. Kh2 Bc6 26. f4 Qd8 27. Ne5 Bd7 28. Nxd7 Qxd7 29. e5 d3 30. Rbd1 dxc2 31. Rxd7 Rad8 32. Rxd8 Rxd8 33. Rc1 Rd2 34. Kg1 b6 35. Be4 h5 36. Rxc2 Rd1+ 37. Kf2 Rb1 38. Rc3 Rb2+ 39. Bc2 Kg7 40. Ke2 f6 41. e6 f5 42. Kd2 Ra2 43. Rd3 Kf6 44. Rd8 Ke7 45. Rb8 Bg7 46. Rb7+ 1-0


[Site "https://www.chess.com"]